 Dungeon Crawl Stone Soup version 0.32-a0-35-gd9ff480968 (webtiles) character file.

Game seed: 15283398053456027491

46 IdlyInterested the Slasher (level 3, 0/27 HPs)
             Began as a Demonspawn Gladiator on Jan 22, 2024.
             Slain by a ribbon worm (7 damage)
             ... on level 2 of the Dungeon.
             The game lasted 00:04:36 (909 turns).

IdlyInterested the Slasher (Demonspawn Gladiator)    Turns: 909, Time: 00:04:37

Health: 0/27       AC:  3    Str: 16    XL:     3   Next: 46%
Magic:  3/3        EV: 13    Int:  8    God:
Gold:   80         SH:  0    Dex: 14    Spells: 2/2 levels left

rFire   . . .        a - +0 long sword
rCold   + . .        (no shield)
rNeg    . . .        q - +1 robe {rC+}
rPois   .            (helmet restricted)
rElec   .            (no cloak)
rCorr   .            (no gloves)
SInv    .            (no boots)
Will    .....        (no amulet)
Stlth   +            (no ring)
HPRegen 0.24/turn    (no ring)
MPRegen 0.08/turn

%: no passive effects
@: no status effects
A: antennae 2
a: no special abilities


You were on level 2 of the Dungeon.
You visited 1 branch of the dungeon, and saw 2 of its levels.

You collected 80 gold pieces.

Inventory:

Hand Weapons
 a - a +0 long sword (weapon)
 h - a +0 dagger
 p - a +0 spear
Missiles
 d - 3 throwing nets
 e - a javelin
 f - 10 stones (quivered)
Armour
 b - a +0 leather armour
 g - a +0 chain mail
 l - a +0 plate armour
 m - a +0 ring mail
 q - a +1 robe of cold resistance (worn)
Magical Staves
 r - a staff of death
Scrolls
 i - a scroll of enchant armour {unknown}
 j - a scroll of teleportation {unknown}
 k - a scroll of identify {unknown}
 o - a scroll of noise {unknown}
Potions
 c - a potion of curing
 n - a potion of brilliance {unknown}


   Skills:
 - Level 2.0 Fighting
 + Level 3.8 Long Blades
 - Level 2.0 Throwing
 - Level 3.0 Dodging


You had 2 spell levels left.
You didn't know any spells.
Your spell library contained the following spells:

 Spells                   Type           Power      Damage    Failure   Level
 Apportation              Tloc           0%         N/A       41%         1
 Necrotise                Necr           0%         1d4       41%         1
 Sting                    Conj/Alch      0%         1d3       41%         1
 Summon Small Mammal      Summ           0%         N/A       41%         1
 Blink                    Tloc           0%         N/A       54%         2
 Lesser Beckoning         Tloc           0%         N/A       54%         2
 Momentum Strike          Conj/Tloc      0%         3d8       54%         2
 Gell's Gravitas          Tloc           0%         N/A       78%         3
 Teleport Other           Tloc           0%         N/A       78%         3


Dungeon Overview and Level Annotations

Branches:
Dungeon (2/15)

Altars:


Innate Abilities, Weirdness & Mutations

You have a pair of antennae on your head.


Message History

The stream of webbing hits you but does no damage.
You are caught in a web!
The hobgoblin hits you.
The web tears apart.
The ribbon worm bites you. The hobgoblin closely misses you.
You closely miss the hobgoblin.
The hobgoblin is heavily wounded.
The hobgoblin hits you but does no damage.
The ribbon worm misses you.
You barely miss the hobgoblin.
The hobgoblin is heavily wounded.
The hobgoblin hits you. The ribbon worm bites you.
* * * LOW HITPOINT WARNING * * *
You hit the hobgoblin but do no damage.
The hobgoblin is heavily wounded.
The hobgoblin closely misses you.
The ribbon worm bites you but does no damage.
You hit the hobgoblin.
You kill the hobgoblin!
You slash the ribbon worm!
The ribbon worm is heavily wounded.
The ribbon worm bites you but does no damage.
You barely miss the ribbon worm.
The ribbon worm is heavily wounded.
The ribbon worm expels a string of sticky webbing.
The stream of webbing hits you but does no damage.
You are caught in a web!
The web tears apart.
The ribbon worm bites you.
* * * LOW HITPOINT WARNING * * *
You barely miss the ribbon worm.
The ribbon worm is moderately wounded.
The ribbon worm bites you.
* * * LOW HITPOINT WARNING * * *
You hit the ribbon worm.
The ribbon worm is heavily wounded.
The ribbon worm expels a string of sticky webbing.
The stream of webbing misses you.
You slash the ribbon worm!
The ribbon worm is almost dead.
The ribbon worm bites you!
You die...

#.....†.......
#####.############
#.....# #.#####
#.# #.# #.# #.#
#@# #.#####w#####.
#..............
#######.#####..
#.# ... #.## #.#
#.#


You could see a ribbon worm (catching breath).

Vanquished Creatures
  An adder (D:2)
  A ball python (D:1)
  An endoplasm (D:2)
  A giant cockroach (D:1)
  5 goblins
  3 hobgoblins
  2 jackals (D:1)
  3 kobolds (D:1)
  3 quokkas
  5 bats
  A frilled lizard (D:1)
  8 rats
34 creatures vanquished.

Notes
Turn   | Place    | Note
-------+----------+-------------------------------------------
     0 | D:1      | IdlyInterested the Demonspawn Gladiator began the quest for
                  | the Orb.
     0 | D:1      | Reached XP level 1. HP: 16/16 MP: 1/1
    65 | D:1      | Gained mutation: You have a pair of small antennae on your
                  | head. [demonic ancestry]
    65 | D:1      | Reached XP level 2. HP: 22/22 MP: 2/2
   465 | D:1      | Gained mutation: You have a pair of antennae on your head.
                  | [demonic ancestry]
   465 | D:1      | Reached XP level 3. HP: 25/27 MP: 3/3
   909 | D:2      | Slain by a ribbon worm

Illustrated notes

Levels and vault maps discovered:
D:1:      dpeg_arrival_pond, layout_loops_ring, minmay_vboxes
D:2:      layout_loops_ring

Skill      XL: |  1  2 |
---------------+-------+-----
Throwing       | 2 |  2.0
Long Blades    | 3 |  3.8
Dodging        | 3 |  3.0
Fighting       | |  2.0

Action                     || total
---------------------------++-------
  Melee: Long sword        ||   105
    Use: Potion            ||     1
   Stab: Sleeping          ||     2
 Armour: Chain mail        ||    56
         Robe              ||    30
         Plate armour      ||     3
  Dodge: Dodged            ||    60

Table legend: (Time is in decaauts)
 A = Elapsed time spent in this place.
 B = Non-inter-level travel time spent in this place.
 C = Inter-level travel time spent in this place.
 D = Time resting spent in this place.
 E = Time spent auto-exploring this place.
 F = Levels seen in this place.
 G = Mean time per level.
                   A        B        C        D        E       F      G
               +--------+--------+--------+--------+--------+-----+--------+
         Total |    933 |    894 |     39 |     91 |    383 |   2 |  466.5 |
       Dungeon |    933 |    894 |     39 |     91 |    383 |   2 |  466.5 |
               +--------+--------+--------+--------+--------+-----+--------+

Top non-repeatable levels by time:
     D:1: 689 daAuts
     D:2: 244 daAuts
